 Dungeon Crawl Stone Soup version 0.20-a0-709-gd40821f (webtiles) character file.

783 nono the Chucker (level 8, -3/47 (48) HPs)
             Began as a Kobold Assassin on Feb 21, 2017.
             Slain by an orc warrior
             ... wielding a +0 scimitar
              (19 damage)
             ... on level 6 of the Dungeon.
             The game lasted 00:15:57 (5354 turns).

nono the Chucker (Kobold Assassin)                  Turns: 5354, Time: 00:15:58

HP:   -3/47 (48)    AC:  6    Str:  8    XL:     8   Next: 11%
MP:   8/8           EV: 17    Int: 20    God:
Gold: 191           SH:  0    Dex: 21    Spells: 7/7 levels left

rFire    . . .     SeeInvis .   E - +3 hand axe "Ynnihak" {freeze, Int+2 Dex+3}
rCold    + . .     Gourm    .   m - +3 leather armour
rNeg     . . .     Faith    .   (shield restricted)
rPois    .         Spirit   .   (no helmet)
rElec    .         Reflect  .   d - +0 cloak
rCorr    .         Harm     .   (no gloves)
MR       +....     Rnd*Rage +   C - +0 pair of boots
Stlth    +++.......             (no amulet)
Regen    0.2/turn               i - ring of protection from magic
MPRegen  0.2/turn               (no ring)

@: brilliant
A: berserk 1, carnivore 3, cold resistance 1, deformed body, screaming 1
a: no special abilities


You were on level 6 of the Dungeon.
You were completely stuffed.

You visited 2 branches of the dungeon, and saw 7 of its levels.
You also visited: Sewer.

You collected 191 gold pieces.

Inventory:

Hand Weapons
 a - a +2 dagger
 b - a +0 blowgun
 E - the +3 hand axe "Ynnihak" (weapon) {freeze, Int+2 Dex+3}
   (You found it on level 5 of the Dungeon)

   It has been specially enchanted to freeze those struck by it, causing extra
   injury to most foes and up to half again as much damage against particularly
   susceptible opponents.
   It can also slow down cold-blooded creatures.
   It affects your intelligence (+2).
   It affects your dexterity (+3).
Missiles
 e - 76 poisoned needles
 f - 9 curare-tipped needles
Armour
 c - a +0 robe
 d - a +0 cloak (worn)
 m - a +3 leather armour (worn)
 C - a +0 pair of boots (worn)
Jewellery
 i - a ring of protection from magic (right hand)
 t - an uncursed ring of magical power
 G - an uncursed ring of fire
Scrolls
 j - 2 scrolls of teleportation {unknown}
 l - a scroll of noise {unknown}
 o - a scroll of recharging {unknown}
 p - a scroll of enchant armour {unknown}
 r - a scroll of enchant weapon {unknown}
 u - 3 scrolls of remove curse {unknown}
 w - a scroll of magic mapping {unknown}
 y - a scroll of amnesia {unknown}
 z - a scroll of immolation {unknown}
 A - 4 scrolls of identify {unknown}
 B - a scroll of fog {unknown}
 F - a scroll of blinking {unknown}
Potions
 h - a potion of flight {unknown}
 k - 2 potions of brilliance
 n - 3 potions of heal wounds
 q - a potion of degeneration
 s - 8 potions of curing
 x - a potion of might {unknown}
 D - a potion of cancellation
Comestibles
 g - 2 meat rations
 v - 2 royal jellies
 H - 3 chunks of flesh


   Skills:
 - Level 4.8 Fighting
 - Level 5.2 Short Blades
 + Level 6.0 Throwing
 - Level 4.9 Dodging
 - Level 5.3 Stealth


You had 7 spell levels left.
You didn't know any spells.

Dungeon Overview and Level Annotations

Branches:
Dungeon (6/15)             Temple (1/1) D:4

Altars:
Dithmenos
Fedhas
Gozag
Hepliaklqana
Makhleb
Nemelex Xobeh
Okawaru
Qazlal
Ru
Trog
Uskayaw
Xom
Yredelemnul
Zin

Annotations:
D:3 exclusion: phantom
D:4 OgreWrestling's ghost, amateur OgTm


Innate Abilities, Weirdness & Mutations

You are small and have problems with some larger weapons.
You are carnivorous and can eat meat at any time.
You tend to lose your temper in combat.
Your flesh is cold resistant. (rC+)
Armour fits poorly on your strangely shaped body.
You occasionally shout uncontrollably at your foes.


Message History

The orc is severely wounded.
The orc barely misses you.
You barely miss the orc warrior.
The orc warrior is lightly wounded.
The orc warrior misses you.
You barely miss the orc warrior.
The orc warrior is lightly wounded.
The orc warrior hits you but does no damage.
You hit the orc warrior. You freeze the orc warrior.
The orc warrior is moderately wounded.
The orc warrior completely misses you.
You aren't carrying any items that you can evoke.
You hit the orc warrior. You freeze the orc warrior.
The orc warrior is heavily wounded.
The orc hits you but does no damage.
The orc warrior hits you with a scimitar!
You hit the orc warrior but do no damage.
The orc warrior is heavily wounded.
The orc warrior hits you with a scimitar!!
You die...

##.#...#..........####.##.
##....#.............†......
....#...#..........###...#.
######.###.........# ..#
#.........##o### .
#..####...##o# #.# #..#
#.....o# #.# #..####...#.o#
#.# ##...........@# #.#
#.............# #.#
#..#####...#..# #.# .....
#....#..# #.# ###.#
#..#.#..####.### #.#
#..#.#..##.....# #.#
##..#.#.>##....##
##.####.............##
###...##.....##..##....##


You could see an orc warrior and 3 orcs.

Vanquished Creatures
  A sky beast (D:5)
  A necrophage (D:6)
  A bullfrog (D:6)
  A scorpion (D:5)
  3 hounds
  2 iguanas
  2 worker ants
  A hound skeleton (D:4)
  4 gnolls (D:4)
  6 adders
  8 river rats (Sewer)
  An ooze (Sewer)
  A worm (D:2)
  2 dart slugs
  2 leopard geckos
  6 orcs
  4 ball pythons (Sewer)
  4 giant cockroaches
  3 goblins
  4 hobgoblins
  12 jackals
  22 kobolds
  2 quokkas (D:3)
  6 bats
  5 frilled lizards
  A quokka skeleton (D:4)
  22 rats
127 creatures vanquished.

Notes
Turn   | Place    | Note
-------+----------+-------------------------------------------
     0 | D:1      | nono the Kobold Assassin began the quest for the Orb.
     0 | D:1      | Reached XP level 1. HP: 12/12 MP: 1/1
   199 | D:1      | Reached XP level 2. HP: 16/18 MP: 2/2
   643 | D:2      | Reached XP level 3. HP: 20/22 MP: 3/3
  1162 | D:3      | Reached XP level 4. HP: 28/28 MP: 4/4
  1248 | D:3      | Noticed a phantom
  1492 | D:3      | Found a glowing drain.
  1499 | Sewer    | Entered a sewer
  1967 | Sewer    | Reached XP level 5. HP: 31/32 MP: 5/5
  2483 | Sewer    | Reached XP level 6. HP: 39/39 MP: 6/6
  3258 | D:4      | Found a sparkling altar of Nemelex Xobeh.
  3732 | D:4      | Found a hazy altar of Hepliaklqana.
  3747 | D:4      | Noticed OgreWrestling's ghost (amateur OgTm)
  3843 | D:4      | Reached skill level 5 in Short Blades
  3843 | D:4      | Reached XP level 7. HP: 44/44 MP: 7/7
  4024 | D:4      | Found a staircase to the Ecumenical Temple.
  4028 | Temple   | Entered the Ecumenical Temple
  4399 | D:5      | Entered Level 5 of the Dungeon
  4511 | D:5      | Found an iron altar of Okawaru.
  4546 | D:5      | Got a fine hand axe
  4547 | D:5      | Identified the +3 hand axe "Ynnihak" {freeze, Int+2 Dex+3} (You found it on level 5 of the Dungeon)
  4673 | D:5      | Reached skill level 3 in Throwing
  4984 | D:5      | Reached skill level 4 in Throwing
  5045 | D:5      | Found an opulent altar of Gozag.
  5152 | D:6      | Gained mutation: Your natural rate of healing is unusually fast. [mutagenic meat]
  5153 | D:6      | Lost mutation: Your natural rate of healing is unusually fast. [mutagenic meat]
  5154 | D:6      | Gained mutation: Armour fits poorly on your strangely shaped body. [mutagenic meat]
  5155 | D:6      | Gained mutation: You occasionally shout uncontrollably at your foes. [mutagenic meat]
  5156 | D:6      | Gained mutation: You tend to lose your temper in combat. [mutagenic meat]
  5157 | D:6      | Gained mutation: Your flesh is cold resistant. (rC+) [mutagenic meat]
  5203 | D:6      | Reached skill level 5 in Throwing
  5286 | D:6      | Reached XP level 8. HP: 33/47 MP: 8/8
  5335 | D:6      | Reached skill level 6 in Throwing
  5354 | D:6      | Slain by an orc warrior

Vault maps used:
D:1:      dpeg_arrival_castle
D:2:      first_bread, serial_park_tiny_2
D:3:      lightli_sewer_entry_pipes
D:4:      kennysheep_mini, temple_hall_moat, nemelex_xobeh_ov_fountains_minmay
D:5:      okawaru_ov_weapons_minmay, grunt_gozag_statues, roderic_lattice_a
D:6:      grunt_temple_overflow_diamond, minivault_4
Temple:   cyrus_temple_forest
Sewer:    sewer_minmay_treatment

Skill      XL: |  1  2  3  4  5  6  7  8 |
---------------+-------------------------+-----
Short Blades   | 3 5 |  5.2
Dodging        | 2 3 4 |  4.9
Fighting       | 3 4 |  4.8
Throwing       | 5 6 |  6.0
Stealth        | |  5.3

Action                   |  1- 3 |  4- 6 |  7- 9 || total
-------------------------+-------+-------+-------++-------
Melee: Dagger            |   116 |   384 |    78 ||   578
       Hand axe          |       |       |    69 ||    69
 Fire: Blowgun           |       |    28 |       ||    28
  Use: Potion            |       |     6 |     1 ||     7
 Stab: Sleeping          |    10 |     8 |     3 ||    21
       Distracted        |     1 |       |       ||     1
  Eat: Chunk             |     4 |    14 |    11 ||    29
Armor: Robe              |     1 |       |       ||     1
       Leather armour    |    18 |    71 |    37 ||   126
Dodge: Dodged            |    79 |   264 |   120 ||   463
